 Dungeon Crawl Stone Soup version 0.19-a0-1821-g42c593c (webtiles) character file.

21 Ryco the Firebug (level 2, -2/15 HPs)
             Began as a Deep Elf Fire Elementalist on Oct 6, 2016.
             Was an Initiate of Cheibriados.
             Slain by an orc
             ... wielding a +0 whip
              (3 damage)
             ... on level 3 of the Dungeon.
             The game lasted 00:05:23 (456 turns).

Ryco the Firebug (Deep Elf Fire Elementalist)        Turns: 456, Time: 00:05:24

Health: -2/15      AC:  4    Str:  6    XL:     2   Next: 62%
Magic:  0/8        EV: 13    Int: 25    God:    Cheibriados [......]
Gold:   58         SH:  0    Dex: 16    Spells: 1 memorised, 6 levels left

rFire  . . .     SeeInvis .     f - +0 dagger
rCold  . . .     Gourm    .     a - +0 robe
rNeg   . . .     Faith    .     (no shield)
rPois  .         Spirit   .     (no helmet)
rElec  .         Dismiss  .     k - +1 cloak
rCorr  .         Reflect  .     (no gloves)
MR     .....     Harm     .     (no boots)
Stlth  ++........               (no amulet)
                                (no ring)
                                (no ring)

@: brilliant, very slightly contaminated, very slow
A: hooves 1
a: Bend Time, Renounce Religion


You were on level 3 of the Dungeon.
You worshipped Cheibriados.
Cheibriados was noncommittal.
You were not hungry.

You visited 1 branch of the dungeon, and saw 3 of its levels.

You collected 58 gold pieces.

Inventory:

Hand Weapons
 f - a +0 dagger (weapon)
Missiles
 m - 3 javelins (quivered)
Armour
 a - a +0 robe (worn)
 k - a +1 cloak (worn)
Scrolls
 i - a scroll of fog
Books
 b - a book of Flames

   Spells                             Type                      Level
   a - Flame Tongue                   Conjuration/Fire             1
   b - Throw Flame                    Conjuration/Fire             2
   c - Conjure Flame                  Conjuration/Fire             3
   d - Inner Flame                    Hexes/Fire                   3
   e - Sticky Flame                   Conjuration/Fire             4
   f - Fireball                       Conjuration/Fire             5
Comestibles
 c - 2 bread rations
 g - a meat ration


   Skills:
 + Level 2.7 Dodging
 - Level 2.4 Stealth
 + Level 3.4 Spellcasting
 * Level 1.7 Conjurations
 + Level 3.7 Fire Magic


You had 6 spell levels left.
You knew the following spells:

 Your Spells              Type           Power        Failure   Level  Hunger
a - Flame Tongue          Conj/Fire      ####.        1%          1    None


Dungeon Overview and Level Annotations

Branches:
Dungeon (3/15)

Altars:
Cheibriados


Innate Abilities, Weirdness & Mutations

You have large cloven feet.


Message History

The orc hits you but does no damage.
As you read the scroll labeled HOSARI JAUFE, it crumbles to dust.
You feel aware of your surroundings.
You sensed 1 altar.
It was a scroll of magic mapping.
The orc misses you.
As you read the scroll labeled USIN MAXURI PIK, it crumbles to dust.
It is a scroll of enchant armour.
Your +0 cloak glows green for a moment.
The orc barely misses you.
The crimson imp blinks!
Unknown command.
Unknown command.
You hit the orc but do no damage.
The orc is lightly wounded.
The orc closely misses you.
You hit the orc. You kick the orc, but do no damage.
The orc is heavily wounded.
The orc hits you but does no damage.
You hit the orc. You kick the orc, but do no damage.
The orc is heavily wounded.
The orc hits you with a whip.
You die...

,,,* *,*<,,*,*,* *,* ,,,*
*,**,,#.*,* *,* ,,,*
*,*,,,#.#,* *,* ,,,*
*,*,,*#.#,* *,* ,,,*
*,*,,*#.#,* *,* ,,,*
*,*,,*#.#,***,*
*,*****,*,,*#.#,,,,,*
,,,,,,*,#,,*#.#############
,,,,,,#.#5.##.)o@.........#
,,,,,,#.../...###########.#
,,,,,,.....##.# #.#
,,,,,,####,*#.# #.#
,,,,,,*,,,,,..# #.#
,,,,,,*,**,*### #.#
*,*,,,*,**,* #.#
*,**,,*,**,********** #.#
*,**,,*,*,,,,,,,,,,,* #.#


You could see an orc.

Vanquished Creatures
  A worm (D:3)
  A dart slug (D:2)
  2 bats
  A giant cockroach (D:3)
  5 goblins
  3 kobolds
  A rat (D:1)
14 creatures vanquished.

Notes
Turn   | Place    | Note
-------+----------+-------------------------------------------
     0 | D:1      | Ryco the Deep Elf Fire Elementalist began the quest for the Orb.
     0 | D:1      | Reached XP level 1. HP: 10/10 MP: 6/6
   169 | D:2      | Reached XP level 2. HP: 13/15 MP: 5/8
   255 | D:1      | You fall through a shaft!
   255 | D:2      | Found a snail-covered altar of Cheibriados.
   282 | D:2      | Became a worshipper of Cheibriados the Contemplative
   434 | D:3      | Noticed a crimson imp
   447 | D:3      | Gained mutation: You have large cloven feet. [potion of beneficial mutation]
   456 | D:3      | Slain by an orc

Vault maps used:
D:1:      co_arrival_square_in_a_square_in_a_square, nrook_mini_vaults,
          minmay_crystal_room, minmay_tripent
D:2:      lemuel_round_altar
D:3:      lemuel_crystal_altar, uniq_robin

Action                   || total
-------------------------++-------
Melee: Dagger            ||     9
       Kick              ||     2
 Cast: Flame Tongue      ||    29
  Use: Scroll            ||     4
       Potion            ||     2
Armor: Robe              ||     2
Dodge: Dodged            ||    14
